 Dungeon Crawl Stone Soup version 0.18-a0-1443-ge8f1551 (webtiles) character file.

189970 GrosslyIncandescent the Unseen (level 17, -1/133 HPs)
             Began as a Vampire Assassin on Feb 29, 2016.
             Was the Champion of Dithmenos.
             Slain by a wolf spider (7 damage)
             ... on level 2 of the Spider Nest.
             The game lasted 01:48:50 (38028 turns).

GrosslyIncandescent the Unseen (Vampire Assassin)  Turns: 38028, Time: 01:49:17

Health: -1/133     AC: -2    Str: 10    XL:     17   Next: 52%
Magic:  6/40       EV: 25    Int: 14    God:    Dithmenos [******]
Gold:   1743       SH:  7    Dex: 28    Spells: 10 memorised, 17 levels left

rFire  . . .     SeeInvis +     w - +7 rapier (elec)
rCold  + + .     Gourm    .     L - +1 ring mail of the Alphagorgon {MP+9 Slay+3 Stlth+}
rNeg   + + .     Faith    .     y - +0 buckler
rPois  +         Spirit   .     p - +2 hat {MR+}
rElec  .         Dismiss  .     d - +0 cloak {+Inv}
rCorr  .         Reflect  .     r - +2 pair of fencer's gloves {LBl+4 SBl+4 EV+3 Dex+6}
SustAt +         Harm     .     I - +2 pair of boots
MR     ++...                    X - amulet of magic regeneration
Stlth  ++++++++++               J - ring of sustain attributes
                                S - ring of protection from cold

@: about to teleport, corroded equipment, regenerating slowly, wreathed by
umbra, very resistant to hostile enchantments, uncannily stealthy
A: fangs 3, horns 1, see invisible, unbreathing
a: Bat Form, Shadow Step, Shadow Form, Renounce Religion, Evoke Invisibility
}: 1/15 runes: decaying


You were on level 2 of the Spider Nest.
You worshipped Dithmenos.
Dithmenos was exalted by your worship.
You were very thirsty.

You visited 6 branches of the dungeon, and saw 32 of its levels.
You also visited: Labyrinth, Bailey and Volcano.

You collected 3572 gold pieces.
You spent 1829 gold pieces at shops.


Innate Abilities, Weirdness & Mutations

You heal slowly.
You have razor-sharp teeth.
You have supernaturally acute eyesight.
You can survive without breathing.
You have a pair of small horns on your head.


   Skills:
 - Level 12.0 Fighting
 - Level 10.1(14.1) Short Blades
 - Level 1.5 Throwing
 - Level 7.0 Armour
 - Level 12.1 Dodging
 - Level 16.0 Stealth
 - Level 4.2 Shields
 - Level 10.3 Spellcasting
 - Level 4.0 Conjurations
 + Level 15.9 Hexes
 - Level 6.5 Charms
 - Level 10.0 Necromancy
 - Level 6.1 Invocations
 - Level 7.5 Evocations


You had 17 spell levels left.
You knew the following spells:

 Your Spells              Type           Power        Failure   Level  Hunger
b - Blink                 Tloc           N/A          34%         2    None
c - Dazzling Spray        Conj/Hex       #####...     1%          3    #......
d - Repel Missiles        Chrm/Air       ###...       12%         2    None
e - Apportation           Tloc           #.........   24%         1    None
g - Regeneration          Chrm/Necr      ####......   2%          3    #......
u - Slow                  Hex            ######..     1%          2    None
x - Vampiric Draining     Necr           #####.....   1%          3    #......
y - Animate Skeleton      Necr           N/A          1%          1    None
z - Summon Small Mammal   Summ           #...         24%         1    None
Z - Corona                Hex            ######.      1%          1    None

Inventory:

Hand Weapons
 a - a +4 dagger of draining
 b - a +3 blowgun of evasion
 w - a +7 rapier of electrocution (weapon)
Missiles
 e - 121 poisoned needles
 f - 10 curare-tipped needles {=f}
 u - 2 needles of frenzy
 A - 12 throwing nets (quivered) {=f}
Armour
 d - a +0 cloak of invisibility (worn)
 p - a +2 hat of magic resistance (worn)
 r - the +2 pair of fencer's gloves (worn) {LBl+4 SBl+4 EV+3 Dex+6}

   It affects your evasion (+3).
   It affects your dexterity (+6).
 y - a +0 buckler (worn)
 H - a +3 leather armour of cold resistance
 I - a +2 pair of boots (worn)
 L - the +1 ring mail of the Alphagorgon (worn) {MP+9 Slay+3 Stlth+}

   It affects your accuracy and damage with ranged weapons and melee attacks
   (+3).
   It affects your magic capacity (+9).
   It makes you more stealthy.
 N - a +0 fire dragon armour
 Q - a +0 cloak of magic resistance
Magical Staves
 Z - an uncursed staff of energy {!a}
Rods
 l - a +7 iron rod (14/14) {!a}
 E - a +5 rod of shadows (14/14) {!a}
Jewellery
 c - an uncursed ring of flight
 J - a ring of sustain attributes (right hand)
 S - a ring of protection from cold (left hand)
 X - an amulet of magic regeneration (around neck)
Wands
 G - a wand of teleportation (1/9) {!d@v4}
 O - a wand of disintegration (3/24)
 T - a wand of paralysis (21/24)
 V - a wand of enslavement (10/24)
Scrolls
 i - 9 scrolls of remove curse
 n - 4 scrolls of fear
 q - 4 scrolls of blinking
 t - a scroll of magic mapping
 v - 2 scrolls of fog
 B - 4 scrolls of amnesia
 F - 14 scrolls of teleportation {@r4}
 P - 12 scrolls of identify {@r1}
 Y - 2 scrolls of vulnerability {!r}
Potions
 k - 10 potions of curing {@q1}
 m - 13 potions of heal wounds {@q2}
 s - 4 potions of haste {@q3}
 z - 3 potions of lignification {!q}
 C - 3 potions of ambrosia {!q}
 D - 4 potions of brilliance
 K - 2 potions of agility
 M - 2 potions of magic
 R - 4 potions of might
 U - a potion of cancellation
 W - a potion of resistance
Miscellaneous
 h - a phantom mirror
 j - a sack of spiders
 x - a phial of floods

Dungeon Overview and Level Annotations

Branches:
Dungeon (15/15)            Temple (1/1) D:5            Lair (8/8) D:10
  Swamp (4/4) Lair:5       Spider (2/4) Lair:6        Slime (0/6) Lair:7
    Orc (2/2) D:9             Elf (0/3) Orc:2        Vaults (0/5) D:13
 Depths (0/5) D:15

Altars:
Ashenzari
Cheibriados
Dithmenos
Elyvilon
Fedhas
Kikubaaqudgha
Makhleb
Nemelex Xobeh
Okawaru
Pakellas
Qazlal
Ru
Sif Muna
Trog
Vehumet
Yredelemnul
Zin
The Shining One
Jiyva

Shops:
D:4 %   D:7 [}[   D:8 !   D:9 !   Orc:2 }}**

Annotations:
D:14 Vidiiot's ghost, journeyman TrNe
Lair:2 exclusion: downstairs
Swamp:3 Bone durrgin

▒......▒...........▒..▒........
▒................†........^.▒
▒.^.........†.▒▒..▒..........
▒..........▒.†...............
▒..▒......^▒▒..........^▒▒▒..
▒▒▒▒........▒▒▒▒..p...▒......
▒.††........▒▒........▒.....
▒▒....▒..▒...▒▒..............
▒........†.sV▒▒s.^....▒^.....
▒▒.....▒...ss▒..s............
▒▒▒.▒..▒...s.s....▒......▒..
▒▒..▒▒▒▒.......^.......... ▒▒▒▒
▒▒^...........(...▒
▒▒....▒...........
▒.....%......(....
▒.....▒.^.........
▒▒▒.....▒.........


You could see a wolf spider and 3 redbacks.


Message History

The spray of energy hits the wolf spider!
The wolf spider is lightly wounded!
Your shadow mimicks your spell!!!
The shadow shard hits the wolf spider!
The wolf spider hits you!!!!!! * * * don't die
* * * The wolf spider closely misses you!
You block the wolf spider's attack! The wolf spider closely misses you!
Unknown command!
You spit the wolf spider but do no damage!
There is a sudden explosion of sparks!!!
You headbutt the wolf spider!
The wolf spider is almost dead!
The redback bites you!!! * * * don't die
* * * Unknown command!
Drink which item? (? for menu, Esc to quit)
You feel much better! The redback completely misses you!
The wolf spider hits you!!!!!! * * * don't die
* * * The wolf spider misses you!
Read which item? (? for menu, Esc to quit)
As you read the scroll of teleportation {@r4}, it crumbles to dust!
You feel strangely unstable! The redback barely misses you!
The wolf spider hits you!!!!!! * * * don't die
* * * The wolf spider bites you! * * * don't die
* * * You block the redback's attack!
You block the wolf spider's attack! The wolf spider bites you!!! rip

Action                   |  1- 3 |  4- 6 |  7- 9 | 10-12 | 13-15 | 16-18 || total
-------------------------+-------+-------+-------+-------+-------+-------++-------
Melee: Dagger            |   107 |   258 |   720 |  1259 |  1690 |   538 ||  4572
       Rapier            |       |       |       |       |       |   472 ||   472
 Fire: Blowgun           |       |       |       |    13 |       |       ||    13
Throw: Throwing net      |       |       |       |     1 |     1 |       ||     2
 Cast: Dazzling Spray    |       |       |       |       |   219 |   147 ||   366
       Summon Small Mamm |       |       |       |       |    11 |     7 ||    18
       Vampiric Draining |       |       |       |       |       |    29 ||    29
       Blink             |       |       |       |       |       |     3 ||     3
Invok: Shadow Step       |       |       |       |       |     3 |    12 ||    15
 Abil: Evoke Flight      |       |       |       |       |       |     4 ||     4
       Evoke Invisibilit |       |       |       |       |       |     2 ||     2
Evoke: Rod               |       |       |     1 |     4 |       |       ||     5
       Wand              |       |       |       |       |       |     1 ||     1
  Use: Potion            |     7 |     9 |    25 |    41 |    80 |    35 ||   197
       Scroll            |       |       |     9 |    23 |    13 |     8 ||    53
 Stab: Sleeping          |    17 |    11 |    34 |    87 |   156 |    54 ||   359
       Distracted        |       |     1 |     3 |     7 |    16 |    13 ||    40
       Held in net/web   |       |       |       |     2 |     1 |       ||     3
       Invisible         |       |       |       |       |    59 |    33 ||    92
       Petrified         |       |       |       |       |     1 |       ||     1
       Confused          |       |       |       |       |       |     1 ||     1

Vault maps used:
D:1:      dpeg_arrival_pits
D:2:      fedhas_altar_3, amalloy_card_club
D:3:      marbit_many_paths, lemuel_doored_altar, ecumenical_altar_1, uniq_iyjb
D:4:      serial_shops, nicolae_shop_stone, first_bread, bloody_trog,
          uniq_natasha
D:5:      minmay_goblin_kobold_castle, minmay_hedge_maze
D:6:      nicolae_overflow_crystal_walls
D:7:      serial_glass, glass_columns_a, glass_columns_a, serial_shops,
          shop_fountains, shop_fountains, nicolae_shop_crystal, st_stairs_10,
          the_bakery
D:8:      nicolae_qazlal_general_emergency, gammafunk_temple_overflow_forgotten,
          serial_shops, shop_fountains
D:9:      minmay_distorted_concentric_squares, serial_shops,
          nicolae_shop_window_shopping, uniq_gastronok, uniq_erica
D:10:     lair_0_dummy, uniq_fannar
D:11:     kennysheep_town, uniq_sonja, uniq_psyche
D:13:     lightli_vaults_fourway_checkpoint, basic_altar, uniq_erolcha
D:14:     minmay_misc_feat_alley, minmay_radiant
D:15:     grunt_enter_depths_giant_problem, minmay_misc_feat_chi, basic_altar
Temple:   triangle_lava_temple_11
Lair:1:   st_stairs_7, minivault_29, serial_bayou_shore_b,
          infiniplex_staircase_pool, serial_bayou_shore_b
Lair:2:   pond, bh_autumn_forest_stairs
Lair:3:   lemuel_fruit_tree
Lair:4:   lab_entry_generic, nicolae_quartered_pool_medium, st_stairs_3,
          serial_bayou_ford_a, lemuel_fruit_fields, uniq_nergalle
Lair:5:   minmay_swamp_entry_reptiles, grunt_megastairs_3
Lair:6:   nicolae_spider_entry_tight_spaces, grunt_forest_small_clearings,
          disabler_island, uniq_nessos, uniq_maud
Lair:7:   dragon1_lemuel, slime_altar_1
Lair:8:   evilmike_catoblepas_cave, serial_bayou_pond_a,
          small_statue_intersection, minivault_11, st_stairs_10
Swamp:1:  evilmike_swamp_ruin_house_5, infiniplex_staircase_pool_2
Swamp:2:  cheibrodos_swamp_tower_of_moss, serial_swamp_ruin,
          evilmike_swamp_ruin_rubble_2, evilmike_swamp_ruin_house_1,
          hangedman_swamp_ruin_wall, uniq_louise, uniq_aizul
Swamp:3:  evilmike_swamp_ruin_house_6, swamp_pool4
Swamp:4:  swamp_pestilence, uniq_nikola
Orc:1:    enter_bailey_2, nicolae_volcano_entry_lava_flow, basic_altar,
          uniq_snorg
Orc:2:    grunt_orc_tribal_feast, basic_altar
Lab:      labyrinth_hidden_loot, nicolae_lab_diamond,
          labyrinth_skeletal_remains, nicolae_lab_arrow, nicolae_lab_blocks,
          lab_fountain
Bailey:   bailey_polearm_gnolls_kennysheep, bailey
Volcano:  volcano_lake

Notes
Turn   | Place    | Note
--------------------------------------------------------------
     0 | D:1      | GrosslyIncandescent the Vampire Assassin began the quest for the Orb.
     0 | D:1      | Reached XP level 1. HP: 16/16 MP: 1/1
   139 | D:1      | Reached skill level 3 in Short Blades
   195 | D:1      | Reached XP level 2. HP: 22/22 MP: 2/2
   559 | D:1      | Reached XP level 3. HP: 27/27 MP: 3/3
   737 | D:1      | Reached skill level 4 in Short Blades
  1165 | D:2      | Found a blossoming altar of Fedhas.
  1196 | D:2      | You fall through a shaft!
  1273 | D:2      | Reached XP level 4. HP: 18/33 MP: 4/4
  1321 | D:2      | Reached skill level 5 in Short Blades
  1830 | D:3      | Found a faded altar to an unknown god.
  1894 | D:3      | Reached XP level 5. HP: 38/38 MP: 5/5
  1957 | D:3      | Found a snail-covered altar of Cheibriados.
  2042 | D:3      | Noticed Ijyb
  2048 | D:3      | Noticed ConnectionFaild's ghost (amateur NaWr)
  2055 | D:3      | Reached skill level 6 in Short Blades
  2070 | D:3      | Killed Ijyb
  2165 | D:3      | Killed ConnectionFaild's ghost
  2165 | D:3      | Reached skill level 7 in Short Blades
  2165 | D:3      | Reached XP level 6. HP: 30/44 MP: 6/6
  2466 | D:3      | Found a sparkling altar of Nemelex Xobeh.
  2522 | D:3      | Reached skill level 8 in Short Blades
  2666 | D:4      | Found Ygeqaipp's Food Emporium.
  2699 | D:4      | Noticed Natasha
  2707 | D:4      | Killed Natasha
  2771 | D:4      | Reached XP level 7. HP: 35/49 MP: 7/7
  2952 | D:4      | Reached skill level 9 in Short Blades
  3196 | D:4      | Noticed Natasha
  3208 | D:4      | Killed Natasha
  3354 | D:4      | Reached skill level 10 in Short Blades
  3390 | D:4      | Found a bloodstained altar of Trog.
  3394 | D:4      | Reached skill level 6 in Stealth
  3416 | D:5      | Entered Level 5 of the Dungeon
  3425 | D:5      | Reached XP level 8. HP: 46/55 MP: 5/8
  3439 | D:5      | Found a staircase to the Ecumenical Temple.
  3521 | Temple   | Entered the Ecumenical Temple
  3553 | Temple   | Became a worshipper of Dithmenos the Shadowed
  3663 | D:5      | Reached skill level 7 in Stealth
  4052 | D:5      | Reached skill level 8 in Stealth
  4174 | D:5      | Reached * piety under Dithmenos
  4270 | D:5      | Reached skill level 9 in Stealth
  4390 | D:5      | Reached skill level 10 in Stealth
  4572 | D:5      | Reached ** piety under Dithmenos
  4762 | D:5      | Reached skill level 11 in Stealth
  5002 | D:6      | Reached skill level 2 in Fighting
  5132 | D:6      | Reached skill level 3 in Fighting
  5330 | D:6      | Reached skill level 4 in Fighting
  5330 | D:6      | Reached XP level 9. HP: 65/65 MP: 9/9
  5398 | D:6      | Found a shattered altar of Ashenzari.
  5458 | D:6      | You fall through a shaft!
  5869 | D:7      | Reached skill level 5 in Fighting
  5945 | D:7      | Found Vopt's Antique Armour Shop.
  5966 | D:7      | Bought an ancient ring mail for 216 gold pieces
  5976 | D:7      | Identified the cursed +1 ring mail of the Alphagorgon {MP+9 Slay+3 Stlth+} (You bought it in a shop on level 7 of the Dungeon)
  5984 | D:7      | Bought a helmet for 108 gold pieces
  6015 | D:7      | Found Leown's Gadget Shoppe.
  6099 | D:7      | Reached skill level 6 in Fighting
  6235 | D:7      | Found Voruse's Armour Shoppe.
  6446 | D:7      | Learned a level 1 spell: Apportation
  6448 | D:7      | Learned a level 1 spell: Corona
  6450 | D:7      | Learned a level 1 spell: Animate Skeleton
  6452 | D:7      | Learned a level 1 spell: Summon Small Mammal
  6564 | D:7      | Reached skill level 7 in Fighting
  6759 | D:7      | Reached skill level 1 in Armour
  6815 | D:8      | Found Ykuzoik's Distillery.
  6820 | D:8      | Reached *** piety under Dithmenos
  6829 | D:8      | Bought a potion of heal wounds for 50 gold pieces
  6852 | D:8      | Reached skill level 2 in Armour
  6857 | D:8      | Found an ancient bone altar of Kikubaaqudgha.
  6863 | D:8      | Found a basalt altar of Yredelemnul.
  6864 | D:8      | Found a glowing silver altar of Zin.
  6996 | D:8      | Reached skill level 3 in Armour
  7087 | D:8      | Found a stormy altar of Qazlal.
  7167 | D:8      | Vp are a fucking no-brainer
  7246 | D:8      | pls remove
  7562 | D:8      | Reached skill level 4 in Armour
  7724 | D:9      | Reached XP level 10. HP: 70/79 MP: 10/10
  7804 | D:9      | Found Sommatie's Distillery.
  7917 | D:9      | Reached skill level 5 in Armour
  8081 | D:9      | Noticed Erica
  8125 | D:9      | Killed Erica
  8125 | D:9      | Reached skill level 6 in Armour
  8914 | D:9      | Bought a potion of heal wounds for 75 gold pieces
  8940 | D:9      | Reached skill level 7 in Armour
  8950 | D:9      | Noticed Gastronok
  8973 | D:9      | Killed Gastronok
  8973 | D:9      | Reached skill level 6 in Dodging
  9050 | D:9      | Noticed a tengu warrior
  9058 | D:9      | Reached skill level 7 in Dodging
  9058 | D:9      | Reached XP level 11. HP: 57/84 MP: 11/11
  9066 | D:9      | Killed a tengu warrior
  9066 | D:9      | Reached **** piety under Dithmenos
  9116 | D:9      | Reached skill level 8 in Dodging
  9285 | D:9      | Found a staircase to the Orcish Mines.
  9389 | D:10     | Entered Level 10 of the Dungeon
  9507 | D:10     | Reached skill level 12 in Stealth
  9534 | D:10     | Noticed Fannar
  9539 | D:10     | Killed Fannar
  9687 | D:10     | Reached skill level 13 in Stealth
  9710 | D:10     | Found a staircase to the Lair.
  9879 | D:10     | Got a twisted scale mail
  9890 | D:10     | Identified the +2 scale mail of the Earth {Int+6 Dex+4} (You found it on level 10 of the Dungeon)
  9955 | Lair:1   | Entered Level 1 of the Lair of Beasts
  9974 | Lair:1   | Noticed a queen ant
 10003 | D:10     | Killed a queen ant
 10003 | D:10     | Reached skill level 14 in Stealth
 10173 | D:10     | Reached skill level 1 in Invocations
 10247 | Lair:1   | Reached skill level 2 in Invocations
 10283 | Lair:1   | Reached skill level 3 in Invocations
 10329 | Lair:1   | Reached skill level 4 in Invocations
 10424 | Lair:1   | Reached skill level 5 in Invocations
 10431 | Lair:1   | Reached ***** piety under Dithmenos
 10613 | Lair:1   | Noticed a four-headed hydra
 10621 | Lair:1   | Killed a four-headed hydra
 10621 | Lair:1   | Reached skill level 6 in Invocations
 10621 | Lair:1   | Reached XP level 12. HP: 91/91 MP: 16/16
 10659 | Lair:1   | Reached skill level 1 in Evocations
 10727 | Lair:1   | Reached skill level 2 in Evocations
 10890 | Lair:1   | HP: 9/91 [poisoned by a spiny frog]
 10895 | Lair:1   | HP: 9/91 [poisoned by a spiny frog]
 10895 | Lair:1   | Reached skill level 3 in Evocations
 11632 | Lair:2   | Reached skill level 4 in Evocations
 11800 | Lair:2   | Learned a level 3 spell: Vampiric Draining
 11804 | Lair:2   | Learned a level 3 spell: Regeneration
 12249 | Lair:2   | Reached skill level 5 in Evocations
 12987 | Lair:3   | Reached skill level 6 in Evocations
 13249 | Lair:3   | Reached skill level 7 in Evocations
 13724 | Lair:3   | Noticed an eight-headed hydra
 13836 | Lair:4   | Reached skill level 1 in Spellcasting
 13837 | Lair:4   | Noticed Nergalle
 14130 | Lair:4   | Reached skill level 2 in Spellcasting
 14138 | Lair:4   | Found a labyrinth entrance.
 14199 | Lair:4   | Killed Nergalle
 14211 | Lab      | Entered a labyrinth
 14371 | Lab      | Reached skill level 3 in Spellcasting
 14397 | Lab      | Noticed a minotaur
 14402 | Lab      | Killed a minotaur
 14402 | Lab      | Reached skill level 4 in Spellcasting
 14441 | Lab      | Got an ichor-stained leather armour
 14452 | Lab      | Identified the +2 leather armour of Beauty {MP+9 Int+2} (You found it in a labyrinth)
 14463 | Lab      | Identified a +0 fire dragon armour (You found it in a labyrinth)
 14467 | Lab      | Learned a level 3 spell: Dazzling Spray
 14548 | Lab      | Gained mutation: You are partially covered in rugged brown scales (AC +1, +3% HP). [potion of mutation]
 14548 | Lab      | Gained mutation: You have an increased reservoir of magic (+10% MP). [potion of mutation]
 14548 | Lab      | Gained mutation: Armour fits poorly on your strangely shaped body. [potion of mutation]
 14549 | Lab      | Gained mutation: Your body sometimes deteriorates upon taking damage. [potion of mutation]
 14549 | Lab      | Gained mutation: You are covered in fur (AC +1). [potion of mutation]
 14549 | Lab      | Gained mutation: You have sharp toenails. [potion of mutation]
 14550 | Lab      | Lost mutation: You have an increased reservoir of magic (+10% MP). [potion of cure mutation]
 14550 | Lab      | Lost mutation: You are partially covered in rugged brown scales (AC +1, +3% HP). [potion of cure mutation]
 14550 | Lab      | Lost mutation: Your body sometimes deteriorates upon taking damage. [potion of cure mutation]
 14550 | Lab      | Lost mutation: Armour fits poorly on your strangely shaped body. [potion of cure mutation]
 14550 | Lab      | Lost mutation: You have sharp toenails. [potion of cure mutation]
 14550 | Lab      | Lost mutation: You are covered in fur (AC +1). [potion of cure mutation]
 14616 | Lair:4   | Reached skill level 1 in Hexes
 14666 | Lair:4   | Reached skill level 2 in Hexes
 14748 | Lair:4   | Reached skill level 3 in Hexes
 14902 | Lair:4   | Reached skill level 4 in Hexes
 14941 | Lair:4   | Reached skill level 5 in Hexes
 15378 | Lair:4   | Identified a wand of teleportation
 15687 | Lair:5   | Found a staircase to the Swamp.
 15692 | Lair:5   | Reached skill level 6 in Hexes
 15692 | Lair:5   | Reached XP level 13. HP: 96/96 MP: 19/19
 15769 | Lair:5   | Reached ****** piety under Dithmenos
 15841 | Lair:5   | Reached skill level 7 in Hexes
 16162 | Lair:5   | Reached skill level 8 in Hexes
 16495 | Lair:6   | Reached skill level 9 in Hexes
 16827 | Lair:6   | Reached skill level 10 in Hexes
 16901 | Lair:6   | Found a hole to the Spider Nest.
 17047 | Lair:6   | Noticed Nessos
 17070 | Lair:6   | Killed Nessos
 17070 | Lair:6   | Reached skill level 11 in Hexes
 17113 | Lair:6   | Noticed Maud
 17117 | Lair:6   | Killed Maud
 17121 | Lair:6   | Reached skill level 12 in Hexes
 17809 | Lair:6   | Reached skill level 5 in Spellcasting
 18052 | Lair:7   | Reached skill level 1 in Conjurations
 18171 | Lair:7   | Reached skill level 2 in Conjurations
 18214 | Lair:7   | Found a staircase to the Slime Pits.
 18214 | Lair:7   | Found a viscous altar of Jiyva.
 18405 | Lair:7   | Noticed a fire dragon
 18413 | Lair:7   | Killed a fire dragon
 18547 | Lair:7   | Reached skill level 3 in Conjurations
 18712 | Lair:8   | Entered Level 8 of the Lair of Beasts
 18789 | Lair:8   | Reached skill level 4 in Conjurations
 18974 | Lair:8   | Reached skill level 6 in Spellcasting
 19167 | Lair:7   | Reached XP level 14. HP: 66/103 MP: 21/24
 19325 | Lair:7   | Reached skill level 7 in Spellcasting
 19624 | Lair:8   | Reached skill level 8 in Spellcasting
 20421 | Lair:8   | Reached skill level 8 in Fighting
 20944 | Lair:8   | Reached skill level 9 in Fighting
 21307 | Lair:8   | Identified a scroll of acquirement
 21626 | D:7      | Bought the +2 pair of fencer's gloves {LBl+4 SBl+4 EV+3 Dex+6} for 1120 gold pieces
 21721 | Orc:1    | Entered Level 1 of the Orcish Mines
 21721 | Orc:1    | Noticed Snorg
 21734 | D:9      | Killed Snorg
 21791 | Orc:1    | Reached skill level 10 in Fighting
 21851 | Orc:1    | Found a dark tunnel.
 21859 | Volcano  | Entered a volcano
 21881 | Volcano  | Noticed heinrich's ghost (journeyman TrMo)
 21899 | Volcano  | Killed heinrich's ghost
 22004 | Volcano  | Found a radiant altar of Vehumet.
 22150 | Orc:2    | Entered Level 2 of the Orcish Mines
 22150 | Orc:2    | Found a bloodstained altar of Trog.
 22180 | Orc:1    | Found a bloodstained altar of Trog.
 22187 | Orc:1    | Found a flagged portal.
 22196 | Bailey   | Entered a bailey
 22264 | Bailey   | Noticed Uberwunderbarhen's ghost (novice OpTm)
 22377 | Bailey   | Killed Uberwunderbarhen's ghost
 22612 | Bailey   | Got an ichor-stained robe
 22623 | Bailey   | Identified the +1 robe of Okawaru's Castigation {*Confuse MR+ rCorr Dex+4} (You found it in a bailey)
 22829 | Orc:1    | Reached skill level 1 in Shields
 23050 | Orc:2    | Reached skill level 2 in Shields
 23362 | Orc:1    | Reached skill level 3 in Shields
 23577 | Orc:2    | Found a staircase to the Elven Halls.
 23820 | Orc:2    | Reached skill level 4 in Shields
 23836 | Orc:2    | HP: 11/111 [sixfirhy[an orc high priest] (8)]
 24054 | Orc:2    | Gained mutation: You have a pair of small horns on your head. [a neqoxec]
 24102 | Orc:2    | Reached skill level 11 in Fighting
 24125 | Orc:2    | Reached XP level 15. HP: 62/119 MP: 17/27
 24135 | Orc:2    | Found Vighaomi's Gadget Emporium.
 24135 | Orc:2    | Found Omnaevuc's Assorted Antiques.
 24165 | Orc:2    | Found Huqehid's Assorted Antiques.
 24165 | Orc:2    | Found Deckio's Gadget Emporium.
 24173 | Orc:2    | Bought a scroll of blinking for 180 gold pieces
 24173 | Orc:2    | Bought a scroll of identify for 48 gold pieces
 24181 | Orc:2    | Bought a puce potion for 32 gold pieces
 24594 | D:11     | Noticed Psyche
 24600 | D:11     | Killed Psyche
 25009 | D:11     | Noticed Sonja
 25017 | D:11     | Killed Sonja
 25302 | D:11     | Reached skill level 12 in Fighting
 25538 | D:11     | Found a basalt altar of Yredelemnul.
 25644 | D:11     | Identified a potion of resistance
 26135 | D:11     | Reached skill level 9 in Dodging
 26938 | D:13     | Reached skill level 10 in Dodging
 27094 | D:13     | Noticed Erolcha
 27116 | D:13     | Found a deep blue altar of Sif Muna.
 27119 | D:13     | Killed Erolcha
 27145 | D:13     | Learned a level 2 spell: Slow
 27148 | D:13     | Learned a level 2 spell: Blink
 27151 | D:13     | Learned a level 2 spell: Repel Missiles
 27346 | D:13     | Found a gate to the Vaults.
 27356 | D:13     | Reached skill level 11 in Dodging
 28082 | D:14     | Reached skill level 12 in Dodging
 28123 | D:14     | Noticed a tengu reaver
 28126 | D:14     | Noticed Vidiiot's ghost (journeyman TrNe)
 28133 | D:14     | Noticed a storm dragon
 28882 | D:15     | Entered Level 15 of the Dungeon
 28957 | D:15     | Reached skill level 9 in Spellcasting
 28972 | D:15     | Got a warped robe
 28983 | D:15     | Identified the +2 robe "Dicaivah" {MR- Int+3 Dex+5} (You found it on level 15 of the Dungeon)
 29085 | D:15     | Found a shadowy altar of Dithmenos.
 29249 | D:15     | Found a staircase to the Depths.
 29249 | D:15     | Noticed a fire giant
 29252 | D:15     | Killed a fire giant
 29293 | D:15     | Reached XP level 16. HP: 127/127 MP: 29/29
 29572 | D:15     | Reached skill level 10 in Spellcasting
 29790 | D:14     | Killed a storm dragon
 30194 | D:14     | Killed a tengu reaver
 30194 | D:14     | Reached skill level 2 in Charms
 30641 | Swamp:1  | Entered Level 1 of the Swamp
 30700 | Swamp:1  | Reached skill level 3 in Charms
 31009 | Swamp:1  | Reached skill level 4 in Charms
 31240 | Swamp:1  | Reached skill level 5 in Charms
 31401 | Swamp:1  | Noticed a thorn hunter
 31409 | Swamp:1  | Killed a thorn hunter
 31409 | Swamp:1  | Reached skill level 6 in Charms
 31815 | Swamp:2  | Reached skill level 1 in Necromancy
 31831 | Swamp:2  | Reached skill level 2 in Necromancy
 31910 | Swamp:2  | Noticed Louise
 31917 | Swamp:2  | Killed Louise
 31917 | Swamp:2  | Reached skill level 3 in Necromancy
 32003 | Swamp:2  | Noticed Aizul
 32008 | Swamp:2  | Killed Aizul
 32008 | Swamp:2  | Reached skill level 4 in Necromancy
 32092 | Swamp:2  | Reached skill level 5 in Necromancy
 32094 | Swamp:2  | Noticed a thorn hunter
 32103 | Swamp:2  | Killed a thorn hunter
 32113 | Swamp:2  | Reached skill level 6 in Necromancy
 32249 | Swamp:2  | Reached skill level 7 in Necromancy
 32972 | Swamp:3  | Reached skill level 8 in Necromancy
 33613 | Swamp:4  | Entered Level 4 of the Swamp
 33667 | Swamp:4  | Noticed Nikola
 33674 | Swamp:4  | Killed Nikola
 33674 | Swamp:4  | Reached skill level 9 in Necromancy
 34167 | Swamp:4  | Reached skill level 10 in Necromancy
 34781 | Swamp:4  | Noticed a bone dragon
 34817 | Swamp:4  | Reached skill level 15 in Stealth
 34829 | Swamp:4  | Reached XP level 17. HP: 126/131 MP: 31/31
 36103 | Swamp:4  | Got a decaying rune of Zot
 36390 | Swamp:4  | wait so you could use that other dragon to breathe there
 36395 | Swamp:4  | cool
 36719 | Spider:1 | Entered Level 1 of the Spider Nest
 36754 | Spider:1 | Reached skill level 16 in Stealth
 36900 | Spider:1 | Reached skill level 13 in Hexes
 37100 | Spider:1 | Got a pair of jewelled boots
 37113 | Spider:1 | Identified the +0 pair of boots "Cos Dipsij" {rN+} (You found it on level 1 of the Spider Nest)
 37236 | Spider:1 | Reached skill level 14 in Hexes
 37849 | Spider:2 | Reached skill level 15 in Hexes
 38028 | Spider:2 | HP: 11/133 [wolf spider (20)]
 38028 | Spider:2 | Slain by a wolf spider

Vanquished Creatures
  Nikola (Swamp:4)
  Gastronok (D:9)
  2 thorn hunters
  A tengu reaver (D:14)
  A storm dragon (D:14)
  A fire giant (D:15)
  4 ghost moths
  Maud (Lair:6)
  An emperor scorpion (Spider:2)
  Louise (Swamp:2)
  Aizul (Swamp:2)
  Nessos (Lair:6)
  A salamander stormcaller (D:15)
  The ghost of heinrich the Grappler, a journeyman TrMo of Pakellas (Volcano)
  4 vault guards
  A fire dragon (Lair:7)
  Snorg (D:9)
  An ettin (D:14)
  Erolcha (D:13)
  A minotaur (Lab)
  Fannar (D:10)
  9 hydras
  3 ghost crabs
  Erica (D:9)
  3 catoblepae (Lair:8)
  An ogre mage (D:15)
  2 tengu warriors
  14 death yaks
  A queen ant (D:10)
  4 alligators
  A centaur warrior (D:15)
  4 orc high priests (Orc:2)
  Sonja (D:11)
  The ghost of Uberwunderbarhen the Ducker, a novice OpTm of Makhleb (Bailey)
  Nergalle (Lair:4)
  A salamander mystic (D:15)
  2 unseen horrors
  3 spectral hydras (Swamp:4)
  3 swamp dragons
  2 phantasmal warriors
  5 orc knights
  5 hill giants
  An oklob plant (Lair:8)
  A mana viper (shapeshifter) (D:15)
  6 orb spiders
  14 wolf spiders
  3 manticores
  4 hornets
  7 orc sorcerers
  A griffon (Lair:6)
  2 cyclopes
  2 moths of wrath (Spider:2)
  5 ugly things
  2 salamanders (D:15)
  5 black mambas
  Psyche (D:11)
  3 torpor snails
  2 molten gargoyles (Volcano)
  22 spiny frogs
  2 kobold demonologists (D:13)
  4 swamp worm zombies (Swamp:4)
  2 demonic crawlers (Spider:1)
  A rime drake (Lair:8)
  9 komodo dragons
  4 yaktaurs (D:14)
  A merfolk (D:11)
  2 tengu conjurers
  A freezing wraith (D:14)
  3 hydra zombies (Swamp:4)
  A polar bear (Lair:7)
  6 giant leeches
  15 jumping spiders
  4 trolls
  3 spectral swamp dragons (Swamp:4)
  A minotaur skeleton (Lab)
  13 blink frogs
  14 bog bodies
  9 two-headed ogres
  A boulder beetle (Spider:2)
  28 slime creatures
  26 redbacks
  4 alligator zombies (Swamp:4)
  3 water elementals (D:11)
  4 shadows
  4 wraiths
  10 tarantellas
  45 yaks
  3 wyverns
  3 spriggans
  A vampire (D:10)
  The ghost of ConnectionFaild the Grasshopper, an amateur NaWr (D:3)
  4 hungry ghosts
  2 steam dragons (D:11)
  3 basilisks
  22 vampire mosquitoes
  4 hippogriffs
  10 wolves
  3 mottled dragons
  12 swamp worms
  32 insubstantial wisps
  3 wargs
  21 soldier ants
  13 water moccasins
  11 porcupines
  4 sky beasts
  7 black bears (D:11)
  7 swamp drakes
  2 eyes of draining
  31 orc warriors
  2 necrophages
  5 ice beasts
  9 phantoms
  4 wasps
  4 swamp dragon zombies (Swamp:4)
  19 centaurs
  12 ogres
  15 crocodiles
  7 big kobolds
  23 giant frogs
  9 gnoll sergeants
  A water moccasin zombie (D:10)
  A wyvern skeleton (D:13)
  6 scorpions
  A water moccasin skeleton (D:4)
  11 wights
  12 killer bees
  12 electric eels
  A howler monkey (D:5)
  8 crimson imps
  3 lava snakes (Lair:6)
  3 giant frog zombies
  15 hounds
  2 jellies
  7 gnoll shamans
  22 orc priests
  2 giant frog skeletons
  22 orc wizards
  8 centaur skeletons
  Ijyb (D:3)
  Natasha (twice) (D:4)
  16 iguanas
  A spectral swamp drake (Swamp:4)
  33 worker ants
  55 sheep
  2 hound skeletons
  A worker ant zombie (D:7)
  18 adders
  38 gnolls
  108 river rats
  A swamp drake zombie (Swamp:4)
  3 shadow imps
  2 oozes (D:1)
  2 adder skeletons
  2 adder zombies
  3 worms
  6 dart slugs
  5 giant geckos
  83 orcs
  7 bats
  6 giant cockroaches
  37 hobgoblins
  8 jackals
  25 kobolds
  3 ball pythons
  6 giant newts
  35 goblins
  A jackal skeleton (D:9)
  2 quokka skeletons
  7 rats
1360 creatures vanquished.

Vanquished Creatures (collateral kills)
  A phantom (D:5)
  A big kobold (D:5)
  2 orcs (D:10)
  A goblin (D:5)
5 creatures vanquished.

Vanquished Creatures (others)
  A giant leech (Swamp:2)
  A swamp worm (Swamp:1)
  3 insubstantial wisps (Swamp:4)
  2 swamp drakes
  An orc priest (D:11)
  An adder (D:11)
  6 fungi
  20 plants
  4 toadstools (Swamp:2)
39 creatures vanquished.

Grand Total: 1404 creatures vanquished
